[Event "December 12 Late 2023"]
[Site "https://www.chess.com"]
[Date "2023.12.12"]
[Round "7"]
[White "Powell, Paul"]
[Black "Vargas, Mauricio"]
[Result "0-1"]
[Board "126"]
[TimeControl "180+1"]
[WhiteFideId "2005840"]
[BlackFideId "4404572"]
[WhiteElo "2127"]
[BlackElo "1818"]
[WhiteTeam "USA"]
[BlackTeam "COL"]
[WhiteClock "0:00:27"]
[BlackClock "0:00:19"]

1. d4 d5 2. Nf3 Nf6 3. Bf4 Bg4 4. Nbd2 Nbd7 5. h3 Bh5 6. c3 e6 7. g4 Bg6 8. Ne5 Nxe5 9. Bxe5 Ne4 10. Bg2 Bd6 11. Bxd6 Nxd6 12. O-O h5 13. f3 hxg4 14. fxg4 Qh4 15. Qe1 Qh6 16. Nf3 Qe3+ 17. Qf2 Qf4 18. Ne5 Qxf2+ 19. Rxf2 O-O 20. Nxg6 fxg6 21. b3 Rxf2 22. Kxf2 Ne4+ 23. Bxe4 dxe4 24. Ke3 Kf7 25. Rf1+ Ke7 26. Kxe4 g5 27. Rf3 Rc8 28. c4 c5 29. e3 b6 30. Rf2 Rh8 31. Rf3 Rc8 32. Ke5 cxd4 33. exd4 Rd8 34. Rd3 Rf8 35. a3 Rf2 36. b4 Re2+ 0-1

[Event "December 12 Late 2023"]
[Site "https://www.chess.com"]
[Date "2023.12.12"]
[Round "7"]
[White "Desideri, Ricardo Maruchi"]
[Black "Dubreuil, Julien"]
[Result "0-1"]
[Board "127"]
[TimeControl "180+1"]
[WhiteFideId "2110440"]
[BlackFideId "621285"]
[WhiteElo "2011"]
[BlackElo "2292"]
[WhiteTeam "BRA"]
[BlackTeam "FRA"]
[WhiteClock "0:00:00"]
[BlackClock "0:01:42"]

1. e4 c5 2. Nf3 Nc6 3. d4 cxd4 4. Nxd4 Nf6 5. Nc3 e5 6. Ndb5 d6 7. Nd5 Nxd5 8. exd5 Nb8 9. a4 Be7 10. Be2 O-O 11. O-O f5 12. f4 a6 13. Nc3 exf4 14. Bxf4 Nd7 15. b4 Qb6+ 16. Kh1 Qxb4 17. Rf3 Bf6 18. Rb1 Qa5 19. Bxd6 Bxc3 20. Bxf8 Nxf8 21. Bc4 Bf6 22. d6+ Kh8 23. Rh3 Qc5 24. Bb3 f4 25. Rh5 Qe3 26. Qd5 Be6 27. Qxb7 Rd8 0-1

[Event "December 12 Late 2023"]
[Site "https://www.chess.com"]
[Date "2023.12.12"]
[Round "7"]
[White "Dilmukhametov, Artur"]
[Black "Su, Dion"]
[Result "0-1"]
[Board "128"]
[TimeControl "180+1"]
[WhiteFideId "24179922"]
[BlackFideId "2029731"]
[WhiteElo "2364"]
[BlackElo "2355"]
[WhiteTeam "RUS"]
[BlackTeam "USA"]
[WhiteClock "0:00:31"]
[BlackClock "0:01:09"]

1. e4 e6 2. d4 d5 3. e5 c5 4. c3 Nc6 5. Nf3 Bd7 6. a3 f6 7. exf6 Nxf6 8. Ne5 Bd6 9. Nxc6 bxc6 10. Be2 Qc7 11. g3 O-O 12. O-O c4 13. Bg5 e5 14. Bxf6 Rxf6 15. Bg4 exd4 16. Bxd7 Qxd7 17. cxd4 Raf8 18. Nc3 Rf3 19. Qc2 Qg4 20. Kg2 h5 21. Qa4 h4 22. Qxc6 hxg3 23. Qxd5+ Kh8 24. hxg3 Rxg3+ 25. fxg3 Qxg3+ 26. Kh1 Qh2# 0-1

[Event "December 12 Late 2023"]
[Site "https://www.chess.com"]
[Date "2023.12.12"]
[Round "8"]
[White "Lazavik, Denis"]
[Black "Bluebaum, Matthias"]
[Result "0-1"]
[Board "1"]
[TimeControl "180+1"]
[WhiteFideId "13515110"]
[BlackFideId "24651516"]
[WhiteElo "3080"]
[BlackElo "3053"]
[WhiteTeam "BLR"]
[BlackTeam "GER"]
[WhiteClock "0:00:15"]
[BlackClock "0:00:56"]

1. d4 d5 2. c4 e6 3. Nf3 Nf6 4. g3 Nc6 5. Bg2 Bd6 6. O-O O-O 7. a3 dxc4 8. Qa4 e5 9. dxe5 Nxe5 10. Nxe5 Bxe5 11. Qxc4 c6 12. Nd2 Be6 13. Qc2 Qe7 14. Nf3 Bc7 15. Nd4 Bd5 16. Bxd5 Nxd5 17. Nf5 Qe6 18. e4 Nf6 19. f3 Rfd8 20. Bg5 h6 21. Bd2 Rd7 22. Bc3 Be5 23. Rad1 Rad8 24. Rxd7 Rxd7 25. Bd2 Bc7 26. Be3 Bb6 27. Bxb6 axb6 28. Rd1 h5 29. Rxd7 Qxd7 30. Qc3 Qd1+ 31. Kf2 Qh1 32. h4 Qh2+ 33. Ke3 Qg1+ 34. Kf4 Qd1 35. Qd4 Qc1+ 36. Ke5 Ne8 37. Qc3 Qd1 38. Qd4 Qxf3 39. Ne7+ Kf8 40. Nf5 f6+ 41. Ke6 Qb3+ 42. Kd7 Qf7+ 0-1

[Event "December 12 Late 2023"]
[Site "https://www.chess.com"]
[Date "2023.12.12"]
[Round "8"]
[White "Dubov, Daniil"]
[Black "Drygalov, Andrey"]
[Result "1-0"]
[Board "2"]
[TimeControl "180+1"]
[WhiteFideId "24126055"]
[BlackFideId "24171735"]
[WhiteElo "3127"]
[BlackElo "3005"]
[WhiteTeam "RUS"]
[BlackTeam "RUS"]
[WhiteClock "0:00:10"]
[BlackClock "0:00:00"]

1. d4 Nf6 2. Bf4 g6 3. Nd2 c5 4. e3 cxd4 5. exd4 Bg7 6. Ngf3 O-O 7. Bc4 Nc6 8. O-O d5 9. Be2 Qb6 10. Nb3 Bg4 11. c3 Ne4 12. h3 Bf5 13. a4 a6 14. a5 Qd8 15. Re1 Rc8 16. Bf1 Re8 17. Bh2 h5 18. Ne5 Nxe5 19. Bxe5 Bxe5 20. dxe5 e6 21. Nd4 h4 22. Qc1 Qg5 23. Qxg5 Nxg5 24. Ra3 Rc5 25. Rea1 Ne4 26. Rb3 Rc7 27. Rb4 g5 28. Bd3 Bg6 29. Nf3 Rd8 30. Rd1 Rdd7 31. Rd4 Nc5 32. Bxg6 fxg6 33. Nxg5 Rc6 34. Rxh4 Nb3 35. Rh6 Nxa5 36. Rxg6+ Rg7 37. Rxg7+ Kxg7 38. Rd4 Nc4 39. f4 Nxb2 40. Rb4 Nd3 41. Rxb7+ Kg6 42. g3 Rxc3 43. Nxe6 Rc2 44. f5+ Kh6 45. g4 Rc1+ 46. Kg2 Rc2+ 47. Kg3 1-0

[Event "December 12 Late 2023"]
[Site "https://www.chess.com"]
[Date "2023.12.12"]
[Round "8"]
[White "Andreikin, Dmitry"]
[Black "Smirnov, Anton"]
[Result "1-0"]
[Board "3"]
[TimeControl "180+1"]
[WhiteFideId "4158814"]
[BlackFideId "3208923"]
[WhiteElo "3112"]
[BlackElo "2987"]
[WhiteTeam "FID"]
[BlackTeam "AUS"]
[WhiteClock "0:00:06"]
[BlackClock "0:00:07"]

1. d4 d5 2. c4 c6 3. Nf3 Nf6 4. Qc2 g6 5. cxd5 cxd5 6. Nc3 Nc6 7. Bf4 Bg7 8. e3 O-O 9. h3 Qb6 10. Be2 Bf5 11. Qb3 Nb4 12. O-O Nd3 13. Bxd3 Qxb3 14. axb3 Bxd3 15. Rfc1 Rfc8 16. Ne5 Bf5 17. g4 Be6 18. Nb5 Rxc1+ 19. Rxc1 a6 20. Nc7 Rc8 21. Rc5 b6 22. Rc6 Ne8 23. Nxd5 Rxc6 24. Nxe7+ Kf8 25. N5xc6 Bxb3 26. Nc8 b5 27. Nb8 a5 28. Nd7+ Kg8 29. Ne7+ Kh8 30. Nc5 Bc4 31. b3 Be6 32. d5 Bf8 33. dxe6 f6 34. Nb7 Bxe7 35. Nxa5 Kg7 36. Nc6 Bc5 37. Kf1 Kf8 38. Ke2 g5 39. Bb8 Ng7 40. b4 Bb6 41. e7+ Ke8 42. Kd3 Kd7 43. Nd4 Kxe7 44. Nxb5 h5 45. Nc3 Ke6 46. Kc4 hxg4 47. hxg4 f5 48. Nd5 Bd8 49. b5 fxg4 50. b6 Kd7 51. Kb5 Kc8 52. Be5 Nf5 53. Kc6 Bxb6 54. Nxb6+ Kd8 55. Nd5 Ke8 56. Nf6+ Kf7 57. Nxg4 Ke6 58. Bg3 Ne7+ 59. Kc5 Kf5 60. f3 Ke6 61. e4 Ng6 62. Kd4 Ne7 63. Ke3 Nc6 64. Be1 Ne7 65. Bc3 Ng8 66. Bd4 Kf7 67. Bb6 Kg6 68. Bd8 Kh5 69. Kf2 Kg6 70. Ke3 Kh5 71. Nf6+ Nxf6 72. Bxf6 1-0

[Event "December 12 Late 2023"]
[Site "https://www.chess.com"]
[Date "2023.12.12"]
[Round "8"]
[White "Sarana, Alexey"]
[Black "Cordova, Emilio"]
[Result "1-0"]
[Board "4"]
[TimeControl "180+1"]
[WhiteFideId "24133795"]
[BlackFideId "3801497"]
[WhiteElo "3051"]
[BlackElo "2939"]
[WhiteTeam "SRB"]
[BlackTeam "PER"]
[WhiteClock "0:00:13"]
[BlackClock "0:00:00"]

1. d4 e6 2. c4 b6 3. e4 Bb4+ 4. Nc3 Bb7 5. f3 f5 6. exf5 Nh6 7. Bd3 O-O 8. fxe6 Qh4+ 9. Kf1 dxe6 10. g3 Qh5 11. Be4 Nc6 12. Nce2 Rad8 13. Nf4 Qe8 14. d5 Ne5 15. Qb3 exd5 16. cxd5 Bd6 17. Ne6 Nd7 18. Bxh6 Nc5 19. Nxc5 bxc5 20. Bf4 Ba6+ 21. Kg2 Bxf4 22. gxf4 Rxf4 23. Qe3 Rf6 24. Nh3 Qh5 25. Rhg1 Rdf8 26. Nf2 Bb7 27. Rad1 Rf4 28. Kh1 Bc8 29. Rg3 Rh4 30. Rg2 Bf5 31. Rdg1 g6 32. Bxf5 Rxf5 33. Qe6+ Kg7 34. Ng4 Rxf3 35. Qe7+ Kh8 36. Qd8+ Kg7 37. Qxc7+ 1-0

[Event "December 12 Late 2023"]
[Site "https://www.chess.com"]
[Date "2023.12.12"]
[Round "8"]
[White "Hakobyan, Aram"]
[Black "Durarbayli, Vasif"]
[Result "1-0"]
[Board "5"]
[TimeControl "180+1"]
[WhiteFideId "13306677"]
[BlackFideId "13402935"]
[WhiteElo "3018"]
[BlackElo "2927"]
[WhiteTeam "ARM"]
[BlackTeam "AZE"]
[WhiteClock "0:01:55"]
[BlackClock "0:00:37"]

1. d4 Nf6 2. c4 e6 3. Nc3 Bb4 4. e3 O-O 5. a3 Bxc3+ 6. bxc3 d6 7. Ne2 e5 8. Ng3 c5 9. Be2 Nc6 10. d5 Na5 11. e4 b6 12. O-O Ba6 13. f4 Nd7 14. Nf5 Bxc4 15. Rf3 Bxe2 16. Qxe2 Nb3 17. Rg3 g6 18. Qh5 Nxc1 19. Qh6 Ne2+ 20. Kf2 Qf6 21. Rh3 1-0

[Event "December 12 Late 2023"]
[Site "https://www.chess.com"]
[Date "2023.12.12"]
[Round "8"]
[White "Gorovets, Andrey"]
[Black "Salem, A.R. Saleh"]
[Result "0-1"]
[Board "6"]
[TimeControl "180+1"]
[WhiteFideId "13504037"]
[BlackFideId "9301348"]
[WhiteElo "2859"]
[BlackElo "3018"]
[WhiteTeam "BLR"]
[BlackTeam "UAE"]
[WhiteClock "0:00:07"]
[BlackClock "0:00:02"]

1. Nf3 Nf6 2. g3 c5 3. c4 Nc6 4. Bg2 d5 5. O-O d4 6. e3 e6 7. d3 Bd6 8. exd4 cxd4 9. Na3 O-O 10. Nc2 e5 11. b4 Re8 12. b5 Ne7 13. Re1 Ng6 14. a4 h6 15. a5 Rb8 16. a6 bxa6 17. bxa6 Bf5 18. Na3 Bb4 19. Bd2 Bxd2 20. Qxd2 Rb3 21. Bf1 e4 22. dxe4 Nxe4 23. Qd1 Rxf3 24. Qxf3 Re5 25. Nb5 Ng5 26. Qb7 Bc8 27. Qa8 Kh7 28. Bg2 Qd7 29. Qc6 Qf5 30. f4 Rc5 31. Qd6 Ne6 32. Nxd4 Qd3 33. Rad1 Qxc4 34. Nxe6 Bxe6 35. Qd3 Qb4 36. Be4 Kg8 37. f5 Bc4 38. Qd8+ Nf8 39. Rd4 Qxe1+ 40. Kg2 Qf1# 0-1

[Event "December 12 Late 2023"]
[Site "https://www.chess.com"]
[Date "2023.12.12"]
[Round "8"]
[White "Sjugirov, Sanan"]
[Black "Nihal Sarin"]
[Result "0-1"]
[Board "7"]
[TimeControl "180+1"]
[WhiteFideId "4189302"]
[BlackFideId "25092340"]
[WhiteElo "2921"]
[BlackElo "3141"]
[WhiteTeam "HUN"]
[BlackTeam "IND"]
[WhiteClock "0:00:12"]
[BlackClock "0:01:10"]

1. e4 c6 2. d4 d5 3. e5 Bf5 4. Nf3 e6 5. Be2 Bb4+ 6. Nbd2 Nd7 7. O-O Ba5 8. Nb3 Bc7 9. Ne1 g5 10. Bd3 Bg6 11. f4 gxf4 12. Bxf4 Ne7 13. Bg5 Bb6 14. Kh1 Qc7 15. c3 c5 16. Bb5 Nc6 17. dxc5 Nxc5 18. Nxc5 Bxc5 19. Nd3 Bb6 20. Nf4 Qxe5 21. Qg4 Rg8 22. Qh4 Be4 23. Bf6 Qxf4 0-1

[Event "December 12 Late 2023"]
[Site "https://www.chess.com"]
[Date "2023.12.12"]
[Round "8"]
[White "Martinez Alcantara, Jose Eduardo"]
[Black "Rodrigue-Lemieux, Shawn"]
[Result "1-0"]
[Board "8"]
[TimeControl "180+1"]
[WhiteFideId "3805662"]
[BlackFideId "2620049"]
[WhiteElo "3059"]
[BlackElo "2894"]
[WhiteTeam "PER"]
[BlackTeam "CAN"]
[WhiteClock "0:00:23"]
[BlackClock "0:00:00"]

1. e4 c6 2. d4 d5 3. e5 Bf5 4. h4 h5 5. Bd3 Bxd3 6. Qxd3 e6 7. Nf3 Qa5+ 8. Nc3 c5 9. O-O Nc6 10. Ne2 Nh6 11. Bxh6 Rxh6 12. c3 Be7 13. g3 Rc8 14. a3 c4 15. Qc2 Qb6 16. Nf4 Na5 17. Ng2 Kd7 18. Rad1 Rg8 19. Ng5 Bxg5 20. hxg5 Rhh8 21. g6 Rh6 22. gxf7 Rf8 23. f4 Rxf7 24. Ne3 g6 25. Rde1 Kc8 26. Qg2 Nc6 27. Nxd5 exd5 28. Qxd5 Rd7 29. Qxc4 Kb8 30. e6 Re7 31. Kh2 h4 32. g4 Rh8 33. d5 Na5 34. Qe2 Rd8 35. c4 Ka8 36. b4 Nb3 37. Qe3 Qxe3 38. Rxe3 Nd2 39. Rc1 b5 40. f5 gxf5 41. gxf5 Nxc4 42. f6 Rh7 43. e7 Re8 44. Rxc4 bxc4 45. d6 c3 46. d7 Rb8 47. d8=Q 1-0

[Event "December 12 Late 2023"]
[Site "https://www.chess.com"]
[Date "2023.12.12"]
[Round "8"]
[White "Pranav, V"]
[Black "Melkumyan, Hrant"]
[Result "0-1"]
[Board "9"]
[TimeControl "180+1"]
[WhiteFideId "25060783"]
[BlackFideId "13302485"]
[WhiteElo "3049"]
[BlackElo "2917"]
[WhiteTeam "IND"]
[BlackTeam "ARM"]
[WhiteClock "0:00:00"]
[BlackClock "0:00:25"]

1. e4 e5 2. Nf3 Nc6 3. Bb5 Nf6 4. d3 Bc5 5. O-O Nd4 6. Nxd4 Bxd4 7. c3 Bb6 8. Na3 O-O 9. Ba4 d6 10. Nc4 Be6 11. Bb3 h6 12. h3 c6 13. Ne3 d5 14. Qf3 Re8 15. Nf5 Bxf5 16. Qxf5 Qd6 17. a4 a6 18. Rd1 Rad8 19. Bd2 g6 20. Qf3 Kg7 21. Ba2 Re6 22. c4 Bd4 23. cxd5 cxd5 24. Rac1 Qb6 25. exd5 Red6 26. Rc2 Nxd5 27. a5 Qb5 28. Bc4 Qa4 29. b3 Qd7 30. Bxd5 Rxd5 31. Rdc1 Qf5 32. Qxf5 gxf5 33. Rc7 Rb5 34. b4 Ba7 35. Kf1 Rxd3 36. Ke2 Rd6 37. Re7 Re6 38. Rd7 Bb8 39. Rc8 Bd6 40. Rcd8 Bxb4 41. Bxb4 Rxb4 42. Rc7 Rc6 43. Re7 Rb2+ 44. Kd3 e4+ 45. Ke3 Rc3+ 46. Kf4 Rxf2+ 47. Ke5 Rc5+ 48. Kd6 Rd2+ 49. Kxc5 Rxd8 50. Rxb7 Re8 51. Rb2 e3 52. Re2 f4 0-1

[Event "December 12 Late 2023"]
[Site "https://www.chess.com"]
[Date "2023.12.12"]
[Round "8"]
[White "Tari, Aryan"]
[Black "Paravyan, David"]
[Result "1-0"]
[Board "10"]
[TimeControl "180+1"]
[WhiteFideId "1510045"]
[BlackFideId "4194985"]
[WhiteElo "2872"]
[BlackElo "3031"]
[WhiteTeam "NOR"]
[BlackTeam "FID"]
[WhiteClock "0:00:49"]
[BlackClock "0:00:00"]

1. e4 e5 2. Nf3 Nf6 3. Nc3 Nc6 4. a3 d5 5. Bb5 Nxe4 6. Qe2 Nxc3 7. Qxe5+ Qe7 8. dxc3 Bd7 9. Qxe7+ Bxe7 10. Bf4 O-O-O 11. h3 Ne5 12. Bxe5 Bxb5 13. Nd4 Bc4 14. Bxg7 Rhg8 15. Nf5 Bg5 16. f4 Rde8+ 17. Kf2 Bxf4 18. Rae1 Re6 19. Rxe6 fxe6 20. Ne7+ Kd7 21. Nxg8 e5 22. Bh6 1-0

[Event "December 12 Late 2023"]
[Site "https://www.chess.com"]
[Date "2023.12.12"]
[Round "8"]
[White "Bortnyk, Olexandr"]
[Black "Kazakouski, Valery"]
[Result "0-1"]
[Board "11"]
[TimeControl "180+1"]
[WhiteFideId "14120828"]
[BlackFideId "13507443"]
[WhiteElo "2989"]
[BlackElo "2828"]
[WhiteTeam "UKR"]
[BlackTeam "LTU"]
[WhiteClock "0:00:02"]
[BlackClock "0:00:07"]

1. e4 c5 2. c3 a6 3. d4 cxd4 4. cxd4 d5 5. exd5 Nf6 6. Nc3 Nxd5 7. Bc4 Nxc3 8. bxc3 Nc6 9. Nf3 e6 10. O-O Be7 11. Qe2 b5 12. Bd3 Bb7 13. Re1 Rc8 14. a4 b4 15. Rb1 a5 16. Bf4 O-O 17. Qe4 g6 18. cxb4 Nxb4 19. Qe2 Nxd3 20. Qxd3 Bxf3 21. Qxf3 Qxd4 22. Bh6 Rfd8 23. g3 Qxa4 24. Rb7 Rd7 25. Reb1 Bf8 26. Rb8 Rdd8 27. R8b7 Qe8 28. Bg5 Rd5 29. h4 h6 30. Bf4 a4 31. Qe3 h5 32. Rb8 Rxb8 33. Rxb8 Rd8 34. Rb1 Bg7 35. Qa3 Ra8 36. Rb7 Bf8 37. Bd6 Bxd6 38. Qxd6 a3 39. Rb1 a2 40. Ra1 Qb5 41. Qd4 Qd5 42. Qf6 Rb8 43. Kh2 Rb1 44. Qc3 Qh1# 0-1

[Event "December 12 Late 2023"]
[Site "https://www.chess.com"]
[Date "2023.12.12"]
[Round "8"]
[White "Timmermans, Mark"]
[Black "Makarian, Rudik"]
[Result "1/2-1/2"]
[Board "12"]
[TimeControl "180+1"]
[WhiteFideId "1026399"]
[BlackFideId "44105681"]
[WhiteElo "2740"]
[BlackElo "2937"]
[WhiteTeam "NED"]
[BlackTeam "FID"]
[WhiteClock "0:01:09"]
[BlackClock "0:01:05"]

1. b4 e5 2. Bb2 Bxb4 3. Bxe5 Nf6 4. Nc3 Be7 5. e3 O-O 6. Nf3 Nc6 7. Bg3 d5 8. Nb5 Ne8 9. c4 dxc4 10. Bxc4 a6 11. Nc3 Na5 12. Be2 b5 13. O-O Bb7 14. d4 Nf6 15. Qc2 c5 16. dxc5 Qc8 17. Rfc1 Qxc5 18. Qd1 Rfd8 19. Qf1 Qb6 20. Rab1 Rac8 21. Nd4 Ba3 22. Rc2 Qa7 23. Ncxb5 axb5 24. Nxb5 Rxc2 25. Nxa7 Rxa2 26. Bc7 Ra8 27. Bxa5 Rxa7 28. Bb6 Ra8 29. Ra1 Rxa1 30. Qxa1 Bf8 31. Qf1 Be4 32. f3 Rb8 33. Bd4 Rb1 34. Bxf6 Rxf1+ 35. Kxf1 gxf6 36. fxe4 Bd6 37. g3 Be5 38. Kg2 Kg7 39. Kf3 h6 40. h4 Bd6 41. Bf1 Be5 42. Bh3 Bd6 43. Bf5 Be5 44. h5 Bd6 45. g4 Be5 46. Ke2 Bd6 47. Kf3 Be5 48. Ke2 Bd6 49. Kf3 1/2-1/2

[Event "December 12 Late 2023"]
[Site "https://www.chess.com"]
[Date "2023.12.12"]
[Round "8"]
[White "Duda, Jan-Krzysztof"]
[Black "Volodin, Aleksandr"]
[Result "1-0"]
[Board "13"]
[TimeControl "180+1"]
[WhiteFideId "1170546"]
[BlackFideId "4501950"]
[WhiteElo "3053"]
[BlackElo "2802"]
[WhiteTeam "POL"]
[BlackTeam "EST"]
[WhiteClock "0:00:38"]
[BlackClock "0:00:01"]

1. e4 c5 2. Nf3 d6 3. d4 cxd4 4. Nxd4 Nf6 5. Nc3 a6 6. f3 e6 7. Be3 Be7 8. Qd2 Qc7 9. g4 Nc6 10. O-O-O O-O 11. h4 b5 12. h5 Nd7 13. Nf5 exf5 14. Nd5 Qd8 15. h6 g6 16. gxf5 Nde5 17. f4 Ng4 18. Bb6 Qd7 19. Qc3 Nce5 20. Be2 b4 21. Nxb4 Bf6 22. Nd5 Bh8 23. fxe5 Nxe5 24. f6 Re8 25. Qc7 Bb7 26. Ne7+ Kf8 27. Qxd6 Qxd6 28. Rxd6 Bxe4 29. Rh4 Bb7 30. Bc5 g5 31. Rb4 Bg2 32. Bxa6 Red8 33. Ng6+ Ke8 34. Nxe5 Rxd6 35. Bxd6 Bxf6 36. Bb5+ Kd8 37. Nxf7+ Kc8 38. Ne5 Rxa2 39. Ba6+ Rxa6 40. Rb8# 1-0

[Event "December 12 Late 2023"]
[Site "https://www.chess.com"]
[Date "2023.12.12"]
[Round "8"]
[White "Yoo, Christopher Woojin"]
[Black "Brodsky, David"]
[Result "1-0"]
[Board "14"]
[TimeControl "180+1"]
[WhiteFideId "30909694"]
[BlackFideId "2073250"]
[WhiteElo "3000"]
[BlackElo "2799"]
[WhiteTeam "USA"]
[BlackTeam "USA"]
[WhiteClock "0:00:05"]
[BlackClock "0:00:01"]

1. e4 e5 2. Nf3 Nc6 3. Bb5 a6 4. Ba4 Nf6 5. d4 exd4 6. O-O Be7 7. e5 Ne4 8. Nxd4 O-O 9. Re1 Nc5 10. Bxc6 dxc6 11. Nc3 f5 12. exf6 Bxf6 13. Be3 Ne6 14. Nf3 c5 15. Qe2 Nd4 16. Bxd4 cxd4 17. Qc4+ Kh8 18. Nd5 b5 19. Qc6 Bg4 20. Ne5 Bf5 21. Rad1 Qe8 22. Nxf6 gxf6 23. Qxe8 Rfxe8 24. Nf3 c5 25. c3 d3 26. Nd2 c4 27. f3 Re2 28. Rxe2 dxe2 29. Re1 Bd3 30. Ne4 f5 31. Ng3 b4 32. Nxe2 Rb8 33. Nd4 bxc3 34. bxc3 Rb2 35. a4 Ra2 36. h4 Rxa4 37. h5 Kg7 38. Re6 Ra3 39. h6+ Kf7 40. Kh2 a5 41. Ra6 a4 42. Ne6 Ra1 43. Ng5+ Ke7 44. Nxh7 f4 45. Ng5 Kf8 46. Ra8+ Ke7 47. h7 Bxh7 48. Nxh7 a3 49. Ng5 a2 50. Nh3 Rc1 51. Rxa2 Rxc3 52. Nxf4 Rc1 53. Ne2 Re1 54. Rc2 Kf6 55. Ng3 1-0

[Event "December 12 Late 2023"]
[Site "https://www.chess.com"]
[Date "2023.12.12"]
[Round "8"]
[White "Yuan, Qingyu"]
[Black "Drygalov, Sergey"]
[Result "1-0"]
[Board "15"]
[TimeControl "180+1"]
[WhiteFideId "8609772"]
[BlackFideId "24171743"]
[WhiteElo "2787"]
[BlackElo "2994"]
[WhiteTeam "CHN"]
[BlackTeam "RUS"]
[WhiteClock "0:00:03"]
[BlackClock "0:00:00"]

1. e4 c5 2. Nf3 d6 3. Bb5+ Nd7 4. c3 Nf6 5. Qe2 a6 6. Ba4 b5 7. Bc2 c4 8. b3 Qc7 9. bxc4 bxc4 10. Na3 Nb6 11. e5 dxe5 12. Nxe5 Be6 13. Rb1 Rc8 14. Rxb6 Qxb6 15. Ba4+ Nd7 16. Naxc4 Qc7 17. d3 g6 18. Bf4 Bg7 19. O-O O-O 20. Nxg6 Qd8 21. Nxf8 Nxf8 22. Rc1 Ng6 23. Bg3 Rc5 24. h3 h5 25. Qe3 Rf5 26. Bc6 Kh7 27. Rc2 h4 28. Bh2 Bh6 29. Qe2 Nf4 30. Bxf4 Rxf4 31. Be4+ Kg7 32. Ne3 Bg5 33. Qh5 Bh6 34. Nf5+ Bxf5 35. Bxf5 Qd5 36. Bg4 Qxd3 37. Rc1 Rxf2 38. Re1 Qd2 39. Qe5+ Kg8 40. Bf3 Bf4 41. Qe4 Bg3 42. Rd1 Rxg2+ 43. Bxg2 Qxd1+ 44. Bf1 Qd2 45. Qg4+ Kf8 46. Qc8+ Kg7 47. Qg4+ Kf6 48. Qf3+ Bf4 49. c4 e5 50. Qc6+ Ke7 51. Qc7+ Kf6 52. Qc6+ Kf5 53. Qc8+ Kg5 54. Qg4+ Kf6 55. Qxh4+ Ke6 56. Qg4+ Kd6 57. Qg2 Qd4+ 58. Kh1 e4 59. Qe2 f5 60. Qh5 Qf2 61. Qe2 Qxe2 62. Bxe2 Kc5 63. Kg2 Bh6 64. Bh5 f4 65. Bg6 Kd4 66. c5 f3+ 67. Kg3 Bf8 68. c6 Bd6+ 69. Kf2 Bc7 70. h4 Kc5 71. Bxe4 Kd6 72. Kxf3 Bd8 73. h5 1-0

[Event "December 12 Late 2023"]
[Site "https://www.chess.com"]
[Date "2023.12.12"]
[Round "8"]
[White "Khismatullin, Denis"]
[Black "Ghasi, Ameet K"]
[Result "1-0"]
[Board "16"]
[TimeControl "180+1"]
[WhiteFideId "4142578"]
[BlackFideId "409200"]
[WhiteElo "2955"]
[BlackElo "2796"]
[WhiteTeam "RUS"]
[BlackTeam "ENG"]
[WhiteClock "0:00:14"]
[BlackClock "0:00:00"]

1. e4 g6 2. d4 Bg7 3. Nf3 d6 4. Be2 Nf6 5. Nc3 O-O 6. O-O Nc6 7. d5 Nb8 8. h3 c6 9. a4 cxd5 10. exd5 a6 11. Re1 b6 12. Bg5 Bb7 13. Qd2 Nbd7 14. Rad1 Rc8 15. Bh6 Re8 16. Bxg7 Kxg7 17. Nd4 Qc7 18. Qg5 Kh8 19. h4 Qc5 20. Nb3 Qc7 21. h5 Kg7 22. h6+ Kg8 23. f4 Nc5 24. Bf3 Nxb3 25. cxb3 Qd7 26. Rd4 b5 27. axb5 axb5 28. Rb4 Rc5 29. Kh2 Kf8 30. Ra1 Qf5 31. Rd1 Rb8 32. Rbd4 Qxg5 33. fxg5 Nd7 34. b4 Rcc8 35. Bg4 Rd8 36. Bxd7 Rxd7 37. Rf1 Kg8 38. Rdf4 Rf8 39. Kg3 Ba8 40. Re1 Rb7 41. Rfe4 Re8 42. R4e3 Kf8 43. Ra1 Reb8 44. Ra5 Ke8 45. Ne4 Kf8 46. Rc3 Rd7 47. Rd3 Rc7 48. Nc3 Rc4 49. Rxb5 Rxb5 50. Nxb5 Rxb4 51. Nc7 Bb7 52. b3 Rb6 53. Rc3 Rb4 54. Kf2 Rd4 55. Rc4 Rd1 56. Rb4 Bc8 57. Rb8 f5 58. Rxc8+ Kf7 59. b4 1-0

[Event "December 12 Late 2023"]
[Site "https://www.chess.com"]
[Date "2023.12.12"]
[Round "8"]
[White "Troff, Kayden"]
[Black "Zhigalko, Sergei"]
[Result "0-1"]
[Board "17"]
[TimeControl "180+1"]
[WhiteFideId "2047896"]
[BlackFideId "13502956"]
[WhiteElo "2784"]
[BlackElo "2954"]
[WhiteTeam "USA"]
[BlackTeam "BLR"]
[WhiteClock "0:00:07"]
[BlackClock "0:00:06"]

1. d4 Nf6 2. Nf3 e6 3. Bf4 b6 4. e3 Bb7 5. Nbd2 Nh5 6. Bg5 Be7 7. Bxe7 Qxe7 8. Bd3 d6 9. c3 Nd7 10. a4 a6 11. a5 b5 12. c4 bxc4 13. Nxc4 Rb8 14. O-O O-O 15. Rc1 Nhf6 16. Qe2 c5 17. Rfd1 Bxf3 18. Qxf3 d5 19. Ne5 Nxe5 20. dxe5 Nd7 21. Qh3 g6 22. e4 c4 23. Bc2 dxe4 24. Bxe4 Nxe5 25. Qe3 Qf6 26. f4 Nd3 27. Bxd3 cxd3 28. Rxd3 Qxb2 29. Qd2 Qf6 30. g3 Rb5 31. Kg2 Qf5 32. Rc2 Rxa5 33. Re3 h5 34. Qe2 h4 35. gxh4 Qxf4 36. Rc4 Qf5 37. Rg3 Qd5+ 38. Kh3 Rc5 39. Rf4 Kg7 40. Qf2 f5 41. Rg5 Rc3+ 42. Rg3 Qe5 43. h5 Rh8 44. Rh4 Rh6 45. Kg2 Rxg3+ 46. hxg3 Qd5+ 47. Kh2 Rxh5 48. Rxh5 gxh5 49. Qf4 Kg6 50. Qb8 e5 51. Qe8+ Kf6 52. Qf8+ Ke6 53. Qe8+ Kd6 54. Qb8+ Kc5 55. Qb2 Qd4 56. Qc2+ Kd5 57. Qxf5 a5 58. Qf7+ Ke4 59. Qb7+ Ke3 60. Qb3+ Ke2 61. Qa2+ Qd2 62. Qc4+ Kf3+ 63. Kh3 Qg2+ 64. Kh4 Qh2+ 65. Kg5 Qxg3+ 66. Kxh5 Qh3+ 67. Kg5 Qg3+ 68. Kh5 Qf4 69. Qf1+ Ke3 70. Qc1+ Kd3 71. Qb1+ Kc3 72. Qa1+ Kb3 73. Qd1+ Kb4 74. Qb1+ Kc5 75. Qc2+ Qc4 76. Qf2+ Kb5 77. Qb2+ Qb4 78. Qe2+ Kb6 79. Qf2+ Qc5 80. Qf6+ Kb5 81. Qf1+ Kc6 82. Qf6+ Qd6 83. Qf3+ Qd5 84. Qf6+ Kd7 85. Qg7+ Kd6 86. Qf6+ Qe6 87. Qf8+ Kd5 88. Qd8+ Ke4 89. Qa8+ Qd5 90. Qf8 a4 91. Kg4 Kd4 92. Qf2+ Kc4 93. Qa2+ Kc5 94. Qa3+ Kb5 95. Qb2+ Ka6 96. Qe2+ Ka5 97. Qe1+ Kb5 98. Qb1+ Kc5 99. Qg1+ Qd4+ 100. Qxd4+ Kxd4 0-1

[Event "December 12 Late 2023"]
[Site "https://www.chess.com"]
[Date "2023.12.12"]
[Round "8"]
[White "Bok, Benjamin"]
[Black "Postny, Evgeny"]
[Result "1-0"]
[Board "18"]
[TimeControl "180+1"]
[WhiteFideId "1017063"]
[BlackFideId "2804344"]
[WhiteElo "2937"]
[BlackElo "2774"]
[WhiteTeam "NED"]
[BlackTeam "ISR"]
[WhiteClock "0:00:12"]
[BlackClock "0:00:00"]

1. d4 d5 2. c4 c6 3. Nf3 Nf6 4. cxd5 cxd5 5. Nc3 Nc6 6. Bf4 a6 7. Rc1 Bf5 8. e3 Rc8 9. Be2 e6 10. O-O Be7 11. Qb3 Na5 12. Qa4+ Nc6 13. Bxa6 bxa6 14. Ne5 Qb6 15. Ne2 Qb5 16. Qxb5 axb5 17. Nxc6 Bd3 18. Rfe1 Ne4 19. Ne5 Rxc1 20. Nxc1 Bc2 21. f3 g5 22. fxe4 gxf4 23. exd5 fxe3 24. dxe6 fxe6 25. Rxe3 O-O 26. Ncd3 Kh8 27. Nc5 Rf6 28. h3 Bb1 29. a3 Ba2 30. Nc6 Bd6 31. Nb4 Bc4 32. g4 Bf4 33. Re4 Bg5 34. b3 Rf1+ 35. Kg2 1-0